AoeStats
← larysnodder

African Clearing

510594764Analyzed
3v3 RM · 12h ago on Oct 1, 2026· 32m 2s· 6 players
Game mode
Random Map
Map size
Normal (6 player)
Population
200
Speed
Normal
Resources
Standard
Victory
Conquest
Starting age
Dark Age
Ending age
Imperial Age
RankedLock teamsTeams togetherTeam positionsShared explorationLock speedFull tech treeHidden civsTurbo modeCheats
Victory
Defeat
🇵🇪 Tatars · Peru
1316
+15
🇬🇧 Danes · United Kingdom
1309
+15
🇬🇧 Khitans · United Kingdom
1278
+17
🇩🇪 Huns · Germany
1347
-18
🇩🇪 Persians · Germany
1299
-16
🇦🇹 Vietnamese · Austria
1232
-13
Schlingelbub
12:08 Feudal Age
12:53 Loom
12:56 Double-Bit Axe
20:17 Bloodlines
22:25 Scale Barding Armor
24:20 Forging
28:36 Castle Age
30:56 Thumb Ring
30:41 Pikeman
PudelDesTodes
5:58 Loom
12:19 Feudal Age
12:42 Double-Bit Axe
14:51 Wheelbarrow
15:42 Forging
23:10 Castle Age
22:35 Stone Mining
22:36 Gold Mining
24:07 Bow Saw
24:20 Bloodlines
25:32 Scale Barding Armor
27:11 Fletching
28:39 Iron Casting
larysnodder
4:36 Loom
12:36 Feudal Age
13:06 Double-Bit Axe
15:56 Fletching
19:25 Horse Collar
26:29 Castle Age
26:24 Wheelbarrow
27:33 Padded Archer Armor
26:57 Elite Skirmisher
29:34 Bodkin Arrow
SgtSallyPiper
2:58 Loom
12:45 Feudal Age
16:42 Castle Age
17:17 Scale Mail Armor
27:41 Double-Bit Axe
27:54 Gambesons
28:51 Forging
31:27 Horse Collar
mousenz
9:13 Loom
14:30 Feudal Age
20:32 Domestication
23:33 Castle Age
22:39 Forging
23:24 Double-Bit Axe
23:38 Town Watch
24:03 Scale Barding Armor
25:16 Bow Saw
25:28 Gold Mining
27:46 Iron Casting
27:43 Husbandry
28:21 Chain Barding Armor
30:04 Stone Mining
31:57 Wheelbarrow
31:39 Fletching
Execute290
6:10 Loom
15:22 Feudal Age
19:13 Castle Age
19:16 Fletching
20:04 Bodkin Arrow
29:19 Padded Archer Armor
Connection lost

Rejoining the realm…

Still unreachable

The connection could not be restored.

Session expired

The server has moved on; the page needs a fresh start.